 Dungeon Crawl Stone Soup version 0.24.0-1-gfbc8707122 (webtiles) character file.

Game seed: 13722869174988838995, levelgen mode: classic

88 EnegeticOcto the Shield-Bearer (level 4, -3/40 HPs)
             Began as a Minotaur Fighter on Oct 27, 2019.
             Slain by a gnoll
             ... wielding a +0 halberd
              (9 damage)
             ... on level 2 of the Dungeon.
             The game lasted 00:00:55 (1388 turns).

EnegeticOcto the Shield-Bearer (Minotaur Fighter)   Turns: 1388, Time: 00:00:56

Health: -3/40      AC:  9    Str: 21    XL:     4   Next: 30%
Magic:  3/3        EV:  6    Int:  5    God:
Gold:   82         SH:  9    Dex: 10    Spells: 3/3 levels left

rFire    . . .     SeeInvis .   a - +0 war axe
rCold    . . .     Gourm    .   c - +0 shield
rNeg     . . .     Faith    .   n - +0 chain mail
rPois    .         Spirit   .   (helmet restricted)
rElec    .         Reflect  .   (no cloak)
rCorr    .         Harm     .   (no gloves)
MR       .....                  (no boots)
Stlth    ..........             (no amulet)
HPRegen  0.13/turn              (no ring)
MPRegen  0.08/turn              (no ring)

@: no status effects
A: retaliatory headbutt, horns 2
a: no special abilities


You were on level 2 of the Dungeon.
You were not hungry.

You visited 1 branch of the dungeon, and saw 2 of its levels.

You collected 82 gold pieces.

Inventory:

Hand Weapons
 a - a +0 war axe (weapon)
Armour
 c - a +0 shield (worn)
 n - a +0 chain mail (worn)
Scrolls
 f - 2 scrolls of amnesia {unknown}
 i - 4 scrolls of teleportation {unknown}
 k - 2 scrolls of noise {unknown}
Potions
 d - a potion of might {@q3 !q}
 h - a potion of berserk rage {unknown}
 j - 2 potions of flight {unknown}
 l - a potion of heal wounds {unknown}
 m - a potion of lignification {unknown}
 o - a potion of haste {unknown}
 p - a potion of degeneration {unknown}
Comestibles
 e - 3 rations
 g - 12 chunks of flesh


   Skills:
 + Level 4.0 Fighting
 * Level 3.8 Axes
 + Level 4.1 Armour
 + Level 1.4 Dodging
 + Level 4.2 Shields


You had 3 spell levels left.
You didn't know any spells.
Your spell library was empty.

Dungeon Overview and Level Annotations

Branches:
Dungeon (2/15)

Altars:


Innate Abilities, Weirdness & Mutations

You reflexively headbutt those who attack you in melee.
You have a pair of horns on your head.


Message History

You kill the goblin!
No target in view!
No target in view!
No target in view!
No target in view!
No target in view!
Some of the chunks of flesh in your inventory have rotted away.
You see here a chain mail.
n - a chain mail You start removing your armour.
You continue taking off your +0 scale mail. x2
You are feeling hungry.
You continue taking off your +0 scale mail. x2
You finish taking off your +0 scale mail.
You start putting on your armour.
You continue putting on your chain mail. x5
You finish putting on your +0 chain mail.
Eating one of 9 chunks of flesh.
You eat one of the 9 chunks of flesh.
This raw flesh tastes terrible.
You butcher the goblin corpse.
g - 11 chunks of flesh (gained 3)
You see here a goblin skeleton. x2
o - a coppery potion You now have 82 gold pieces (gained 15).
p - a fizzy clear potion You see here a stone.
You see here a stone.
A worm comes into view.
A worm is nearby!
A worm is nearby!
Drop what? 16/52 slots (_ for help) (? for menu, Esc to quit)
You drop a +0 scale mail.
You slash the worm! You headbutt the worm.
You kill the worm!
You have reached level 4!
You feel agile.
You butcher the worm corpse.
g - 12 chunks of flesh (gained 1)
Found a scale mail.
Found an escape hatch in the floor. 2 gnolls come into view.
The gnoll shouts!
There are monsters nearby!
A rat and a gnoll come into view.
The gnoll shouts!
A gnoll comes into view. It is wielding a +0 halberd.
Found 23 arrows.
Found an escape hatch in the ceiling.
You block the gnoll's attack. x2
You see here a scale mail.
Your shield and chain mail prevent you from hitting the gnoll.
Your headbutt misses the gnoll. You slash the gnoll!
The gnoll hits you but does no damage.
The gnoll hits you from afar with a +0 spear.
You block the gnoll's attack.
You hit the gnoll but do no damage.
The gnoll is severely wounded.
You barely miss the gnoll. The gnoll hits you with a +0 whip.
The gnoll hits you from afar with a +0 spear.
The gnoll hits you from afar with a +0 halberd!
The gnoll barely misses you. You furiously retaliate!
You headbutt the gnoll. You block the gnoll's attack.
The gnoll hits you from afar with a +0 spear.
You are too injured to fight recklessly!
You are too injured to fight recklessly!
You are too injured to fight recklessly!
You are too injured to fight recklessly!
You are too injured to fight recklessly!
You are too injured to fight recklessly!
You slash the gnoll!
You kill the gnoll!
You closely miss the rat. You barely miss the gnoll.
The rat closely misses you.
The gnoll hits you from afar with a +0 halberd.
You block the gnoll's attack. The gnoll hits you but does no damage.
The rat bites you but does no damage.
The gnoll hits you from afar with a +0 halberd.
* * * LOW HITPOINT WARNING * * *
The gnoll closely misses you. You block the gnoll's attack.
You block the rat's attack.
You see here a +0 halberd.
You barely miss the gnoll. You closely miss the rat. You hit the gnoll. x2
The gnoll closely misses you. The gnoll hits you with a +0 whip.
* * * LOW HITPOINT WARNING * * *
The gnoll hits you but does no damage. The rat bites you but does no damage.
The gnoll completely misses you. The gnoll hits you with a +0 whip.
* * * LOW HITPOINT WARNING * * *
You hit the gnoll but do no damage. Your headbutt misses the gnoll.
You hit the rat.
You kill the rat!
You completely miss the gnoll. You hit the gnoll. You block the gnoll's attack.
The gnoll hits you but does no damage. The gnoll closely misses you.
The gnoll barely misses you.
You hit the gnoll.
The gnoll is lightly wounded.
You hit the gnoll.
You kill the gnoll!
You barely miss the gnoll. The gnoll hits you but does no damage.
The gnoll hits you with a +0 halberd!
You die...

# # ########## ####
#.<......# ...#
#........# ##.##
#######..g.....#
#..#####......[@g>....#
##..##....#.##.)...(..#
####....####.##........#
...........#.##........#
#####...##.#.#####.#####
#..### #.# .# ####.##
#^. .# ...[.# ### ##
###### ###


You could see 2 gnolls.

Vanquished Creatures
  2 gnolls (D:2)
  3 worms (D:2)
  4 leopard geckos
  3 giant cockroaches
  9 goblins
  8 hobgoblins
  2 ball pythons
  8 bats
  7 frilled lizards
  3 kobolds
  6 rats
55 creatures vanquished.

Notes
Turn   | Place    | Note
-------+----------+-------------------------------------------
     0 | D:1      | EnegeticOcto the Minotaur Fighter began the quest for the
                  | Orb.
     0 | D:1      | Reached XP level 1. HP: 19/19 MP: 0/0
    51 | D:1      | Reached XP level 2. HP: 7/27 MP: 1/1
   651 | D:1      | Reached XP level 3. HP: 31/33 MP: 2/2
   656 | D:1      | Reached skill level 1 in Dodging
  1367 | D:2      | Reached XP level 4. HP: 40/40 MP: 3/3
  1388 | D:2      | Slain by a gnoll

Levels and vault maps discovered:
D:1:      lightli_arrival_quake, layout_loops_ring, minmay_indecisive_spiral
D:2:      layout_rooms, corner_web_ring

Skill      XL: |  1  2  3 |
---------------+----------+-----
Axes           | 3 |  3.8
Dodging        | 1 |  1.4
Shields        | 4 |  4.2
Armour         | 4 |  4.1
Fighting       | 4 |  4.0

Action                   |  1- 3 |  4- 6 || total
-------------------------+-------+-------++-------
Melee: War axe           |   104 |     6 ||   110
       Headbutt          |    12 |       ||    12
  Eat: Chunk             |     2 |       ||     2
Armor: Scale mail        |    50 |       ||    50
       Chain mail        |       |     7 ||     7
Dodge: Dodged            |    31 |     7 ||    38
Block: Shield            |    59 |     8 ||    67
